[ AOE2 MATCH · #507115395 ]
UnrankedMongols vs Tupi
Player's team · WIN
Rival team · LOSS
[ REPLAY ANALYSIS · EXTRACTED FROM THE RECORDED GAME ]
Feudal
8:25
Castle
27:34
Imperial
—
| APM avg | 58.1 |
| APM peak | 125 |
| eAPM avg | 18.8 |
| Villagers / military | 99 / 67 |
Focus
⚔️ 27.2% · 🌾 72.8%
Mangudai ×41 · Archer ×14 · Battering Ram ×7 · Scout Cavalry ×5
Feudal
10:09
Castle
29:20
Imperial
—
| APM avg | 37.1 |
| APM peak | 66 |
| eAPM avg | 28.5 |
| Villagers / military | 91 / 13 |
Focus
⚔️ 47.7% · 🌾 52.3%
Unknown (2550) ×29 · Mangonel ×7 · Monk ×4 · Spearman ×2
Match map
Initial resources + every placement click. Lines = walls · curves = elevation contours. ◆ gold · ⬟ stone · ● berries · ✦ relic · ◌ wall gap
Your base· Open — unwalled flank
gupo57's base· Open — unwalled flank
Smoothed initial terrain · ◌ = detected wall gap · hover for details
Inputs per minute
— Riut - - gupo57
Build order — Riut
First 150 of 243 actions detected
| 0:00 | Queue | Villager (Male) |
| 0:00 | Queue | Villager (Male) |
| 0:01 | Queue | Villager (Male) |
| 0:01 | Queue | Villager (Male) |
| 0:02 | Build | House |
| 0:03 | Build | House |
| 1:25 | Queue | Villager (Male) |
| 1:25 | Queue | Villager (Male) |
| 1:50 | Queue | Villager (Male) |
| 1:50 | Queue | Villager (Male) |
| 2:20 | Build | Lumber Camp |
| 2:21 | Queue | Villager (Male) |
| 2:21 | Queue | Villager (Male) |
| 2:21 | Queue | Villager (Male) |
| 2:53 | Queue | Villager (Male) |
| 2:53 | Queue | Villager (Male) |
| 3:02 | Queue | Villager (Male) |
| 3:02 | Queue | Villager (Male) |
| 3:03 | Queue | Villager (Male) |
| 3:08 | Build | House |
| 3:40 | Queue | Villager (Male) |
| 3:40 | Queue | Villager (Male) |
| 3:40 | Queue | Villager (Male) |
| 3:40 | Queue | Villager (Male) |
| 3:41 | Queue | Villager (Male) |
| 4:15 | Queue | Villager (Male) |
| 4:15 | Queue | Villager (Male) |
| 4:15 | Queue | Villager (Male) |
| 4:41 | Queue | Villager (Male) |
| 4:42 | Queue | Villager (Male) |
| 5:19 | Research | Loom |
| 5:29 | Build | Mill |
| 6:09 | Research | Feudal Age |
| 6:40 | Build | House |
| 7:33 | Build | Barracks |
| 7:54 | Queue | Villager (Male) |
| 8:25 | Age | Feudal Age |
| 8:30 | Build | Stable |
| 8:34 | Research | Double-Bit Axe |
| 8:34 | Research | Double-Bit Axe |
| 8:44 | Queue | Villager (Male) |
| 8:44 | Queue | Villager (Male) |
| 9:12 | Queue | Scout Cavalry |
| 9:13 | Queue | Scout Cavalry |
| 9:24 | Queue | Villager (Male) |
| 9:30 | Build | Archery Range |
| 9:40 | Queue | Villager (Male) |
| 9:45 | Build | Mining Camp |
| 9:53 | Build | House |
| 9:58 | Queue | Scout Cavalry |
| 10:22 | Build | Archery Range |
| 10:25 | Queue | Villager (Male) |
| 10:28 | Queue | Scout Cavalry |
| 10:42 | Queue | Villager (Male) |
| 11:00 | Queue | Scout Cavalry |
| 11:10 | Queue | Villager (Male) |
| 11:28 | Build | House |
| 11:30 | Queue | Archer |
| 11:45 | Build | Watch Tower |
| 11:52 | Queue | Villager (Male) |
| 11:52 | Queue | Villager (Male) |
| 11:55 | Build | Farm |
| 11:56 | Build | Farm |
| 12:29 | Queue | Villager (Male) |
| 12:37 | Queue | Archer |
| 12:48 | Queue | Villager (Male) |
| 12:50 | Build | Farm |
| 13:04 | Queue | Villager (Male) |
| 13:09 | Build | Blacksmith |
| 13:30 | Queue | Archer |
| 13:35 | Build | Mining Camp |
| 13:37 | Queue | Villager (Male) |
| 14:15 | Queue | Archer |
| 14:16 | Queue | Villager (Male) |
| 14:36 | Build | Farm |
| 14:54 | Queue | Archer |
| 15:07 | Queue | Villager (Male) |
| 15:07 | Queue | Villager (Male) |
| 15:22 | Queue | Archer |
| 15:32 | Queue | Villager (Male) |
| 15:32 | Queue | Villager (Male) |
| 15:32 | Queue | Villager (Male) |
| 15:59 | Queue | Villager (Male) |
| 16:01 | Queue | Archer |
| 16:27 | Queue | Villager (Male) |
| 16:29 | Build | House |
| 16:29 | Build | House |
| 16:31 | Queue | Archer |
| 16:45 | Build | Farm |
| 16:46 | Build | Farm |
| 16:47 | Build | Farm |
| 17:04 | Queue | Archer |
| 17:10 | Queue | Villager (Male) |
| 17:11 | Queue | Villager (Male) |
| 17:24 | Build | Farm |
| 17:25 | Build | Farm |
| 17:44 | Queue | Villager (Male) |
| 17:45 | Queue | Villager (Male) |
| 18:00 | Queue | Archer |
| 18:00 | Queue | Villager (Male) |
| 18:27 | Queue | Villager (Male) |
| 18:41 | Queue | Villager (Male) |
| 18:41 | Queue | Villager (Male) |
| 18:43 | Queue | Archer |
| 19:25 | Queue | Villager (Male) |
| 19:26 | Queue | Archer |
| 19:27 | Queue | Villager (Male) |
| 19:30 | Build | House |
| 20:10 | Queue | Villager (Male) |
| 20:24 | Build | Mill |
| 20:24 | Build | Farm |
| 20:25 | Queue | Villager (Male) |
| 20:29 | Build | Watch Tower |
| 20:37 | Build | Watch Tower |
| 20:43 | Queue | Villager (Male) |
| 20:51 | Build | Market |
| 21:21 | Queue | Villager (Male) |
| 21:33 | Queue | Archer |
| 21:33 | Queue | Archer |
| 21:38 | Queue | Villager (Male) |
| 22:15 | Queue | Villager (Male) |
| 22:35 | Queue | Villager (Male) |
| 22:47 | Build | Farm |
| 22:48 | Build | Farm |
| 23:06 | Queue | Villager (Male) |
| 23:18 | Queue | Villager (Male) |
| 23:33 | Build | Farm |
| 23:50 | Build | Lumber Camp |
| 24:54 | Research | Castle Age |
| 24:54 | Research | Castle Age |
| 24:55 | Research | Castle Age |
| 25:27 | Build | House |
| 25:30 | Build | House |
| 26:06 | Research | Fletching |
| 26:13 | Research | Horse Collar |
| 27:06 | Build | House |
| 27:12 | Research | Gold Mining |
| 27:12 | Research | Gold Mining |
| 27:14 | Queue | Villager (Male) |
| 27:14 | Queue | Villager (Male) |
| 27:34 | Age | Castle Age |
| 27:40 | Build | Castle |
| 27:44 | Research | Bodkin Arrow |
| 28:20 | Queue | Villager (Male) |
| 28:34 | Research | Forging |
| 28:41 | Queue | Mangudai |
| 28:42 | Queue | Mangudai |
| 28:42 | Queue | Mangudai |
| 28:43 | Queue | Villager (Male) |
| 28:43 | Queue | Villager (Male) |
Build order — gupo57
First 150 of 221 actions detected
| 0:00 | Queue | Villager (Male) |
| 0:02 | Build | House |
| 0:03 | Build | House |
| 0:16 | Queue | Villager (Male) |
| 0:16 | Queue | Villager (Male) |
| 0:17 | Queue | Villager (Male) |
| 0:17 | Queue | Villager (Male) |
| 1:42 | Queue | Villager (Male) |
| 1:42 | Queue | Villager (Male) |
| 1:47 | Build | House |
| 2:14 | Queue | Villager (Male) |
| 2:14 | Queue | Villager (Male) |
| 2:22 | Queue | Villager (Male) |
| 2:22 | Queue | Villager (Male) |
| 2:22 | Queue | Villager (Male) |
| 2:51 | Queue | Villager (Male) |
| 3:17 | Build | House |
| 3:37 | Queue | Villager (Male) |
| 3:37 | Queue | Villager (Male) |
| 4:04 | Build | Settlement |
| 4:35 | Queue | Villager (Male) |
| 4:35 | Queue | Villager (Male) |
| 4:36 | Queue | Villager (Male) |
| 5:32 | Queue | Villager (Male) |
| 5:34 | Build | House |
| 5:56 | Queue | Villager (Male) |
| 6:13 | Build | Barracks |
| 6:26 | Queue | Villager (Male) |
| 6:26 | Queue | Villager (Male) |
| 7:04 | Build | Settlement |
| 7:59 | Research | Feudal Age |
| 8:07 | Build | Settlement |
| 8:18 | Queue | Unit 2550 |
| 8:18 | Queue | Unit 2550 |
| 8:32 | Research | Loom |
| 9:11 | Build | Palisade Wall |
| 9:22 | Queue | Unit 2550 |
| 10:09 | Age | Feudal Age |
| 10:19 | Research | Tech 1402 |
| 10:32 | Queue | Spearman |
| 10:33 | Queue | Spearman |
| 10:57 | Queue | Villager (Male) |
| 10:58 | Queue | Villager (Male) |
| 10:58 | Queue | Villager (Male) |
| 10:58 | Queue | Villager (Male) |
| 11:00 | Research | Double-Bit Axe |
| 11:25 | Build | Watch Tower |
| 11:30 | Build | Stone Wall |
| 11:36 | Build | Stone Wall |
| 11:38 | Build | Stone Wall |
| 11:44 | Build | Stone Wall |
| 12:05 | Build | Watch Tower |
| 12:09 | Queue | Villager (Male) |
| 12:09 | Queue | Villager (Male) |
| 12:09 | Queue | Villager (Male) |
| 12:46 | Queue | Villager (Male) ×3 |
| 13:17 | Queue | Villager (Male) ×2 |
| 13:22 | Queue | Unit 2550 |
| 14:05 | Queue | Unit 2550 |
| 14:49 | Queue | Villager (Male) |
| 14:49 | Queue | Villager (Male) |
| 15:35 | Queue | Villager (Male) ×2 |
| 16:03 | Build | Watch Tower |
| 16:44 | Queue | Unit 2550 |
| 16:44 | Queue | Unit 2550 |
| 17:26 | Build | Farm |
| 17:26 | Build | Farm |
| 17:26 | Build | Farm |
| 17:46 | Build | Farm |
| 18:52 | Build | Watch Tower |
| 19:04 | Build | Farm |
| 19:06 | Build | Farm |
| 19:31 | Queue | Unit 2550 |
| 19:31 | Queue | Unit 2550 |
| 19:59 | Build | Stone Wall |
| 20:00 | Build | Stone Wall |
| 20:01 | Build | Stone Wall |
| 20:02 | Build | Stone Wall |
| 20:09 | Build | Watch Tower |
| 20:10 | Queue | Villager (Male) |
| 20:10 | Queue | Villager (Male) |
| 20:15 | Build | Farm |
| 20:16 | Build | Farm |
| 20:18 | Build | Farm |
| 20:19 | Build | Farm |
| 20:22 | Build | Watch Tower |
| 21:07 | Build | Watch Tower |
| 21:10 | Queue | Villager (Male) |
| 21:11 | Build | Farm |
| 21:14 | Build | Farm |
| 21:43 | Queue | Villager (Male) |
| 21:43 | Queue | Villager (Male) |
| 22:03 | Build | Watch Tower |
| 22:07 | Queue | Villager (Male) |
| 22:07 | Queue | Villager (Male) |
| 22:35 | Queue | Villager (Male) |
| 22:36 | Queue | Villager (Male) |
| 22:39 | Build | Farm |
| 22:52 | Queue | Villager (Male) |
| 22:52 | Queue | Villager (Male) |
| 23:05 | Build | Blacksmith |
| 23:07 | Build | Palisade Wall |
| 23:14 | Queue | Villager (Male) |
| 23:14 | Queue | Villager (Male) |
| 23:16 | Build | Farm |
| 23:20 | Build | Farm |
| 23:50 | Build | Watch Tower |
| 23:58 | Research | Fletching |
| 23:59 | Queue | Villager (Male) |
| 23:59 | Queue | Villager (Male) |
| 24:02 | Build | Farm |
| 24:05 | Build | Farm |
| 24:06 | Build | Farm |
| 24:09 | Build | Farm |
| 24:11 | Build | Farm |
| 24:45 | Build | Settlement |
| 25:07 | Queue | Villager (Male) |
| 25:19 | Build | Farm |
| 25:22 | Queue | Villager (Male) |
| 25:28 | Build | Market |
| 25:41 | Build | Watch Tower |
| 25:55 | Build | Farm |
| 25:58 | Queue | Villager (Male) |
| 26:40 | Research | Castle Age |
| 26:41 | Research | Castle Age |
| 27:08 | Research | Stone Mining |
| 27:14 | Research | Horse Collar |
| 27:14 | Research | Horse Collar |
| 27:54 | Research | Scale Mail Armor |
| 28:40 | Queue | Villager (Male) |
| 28:53 | Research | Gold Mining |
| 29:20 | Age | Castle Age |
| 29:25 | Build | Castle |
| 29:34 | Queue | Villager (Male) |
| 29:34 | Queue | Villager (Male) |
| 29:41 | Queue | Villager (Male) |
| 29:42 | Queue | Villager (Male) |
| 30:37 | Research | Bodkin Arrow |
| 30:38 | Queue | Villager (Male) ×5 |
| 30:54 | Build | Monastery |
| 31:00 | Build | Siege Workshop |
| 31:04 | Queue | Villager (Male) |
| 31:04 | Queue | Villager (Male) |
| 31:12 | Queue | Villager (Male) |
| 31:12 | Queue | Villager (Male) |
| 31:18 | Queue | Monk |
| 31:18 | Queue | Monk |
| 31:55 | Queue | Mangonel |
| 32:20 | Queue | Monk |
| 32:34 | Queue | Villager (Male) ×5 |
Match timeline
| 6:13 | gupo57 · first_building Barracks |
| 7:33 | Riut · first_building Barracks |
| 8:25 | Riut · age_up feudal |
| 8:30 | Riut · first_building Stable |
| 9:11 | gupo57 · wall_segment Palisade Wall x3 |
| 9:30 | Riut · first_building Archery Range |
| 10:09 | gupo57 · age_up feudal |
| 11:30 | gupo57 · wall_segment Stone Wall x1 |
| 11:36 | gupo57 · wall_segment Stone Wall x1 |
| 11:38 | gupo57 · wall_segment Stone Wall x1 |
| 11:44 | gupo57 · wall_segment Stone Wall x1 |
| 19:59 | gupo57 · wall_segment Stone Wall x1 |
| 20:00 | gupo57 · wall_segment Stone Wall x1 |
| 20:01 | gupo57 · wall_segment Stone Wall x1 |
| 20:02 | gupo57 · wall_segment Stone Wall x1 |
| 23:07 | gupo57 · wall_segment Palisade Wall x4 |
| 23:54 | Riut · first_market_sell 100 wood |
| 23:58 | Riut · first_market_buy 100 food |
| 27:34 | Riut · age_up castle |
| 27:40 | Riut · first_building Castle |
| 29:20 | gupo57 · age_up castle |
| 29:23 | Riut · first_building Siege Workshop |
| 29:25 | gupo57 · first_building Castle |
| 30:54 | gupo57 · first_building Monastery |
| 31:00 | gupo57 · first_building Siege Workshop |
| 35:03 | gupo57 · wall_segment Stone Wall x1 |
| 35:04 | gupo57 · wall_segment Stone Wall x1 |
| 37:50 | gupo57 · wall_segment Stone Wall x1 |
| 38:12 | gupo57 · wall_segment Stone Wall x1 |
| 38:13 | gupo57 · wall_segment Stone Wall x1 |
| 38:16 | gupo57 · wall_segment Stone Wall x1 |
| 38:21 | gupo57 · wall_segment Stone Wall x1 |
| 41:13 | gupo57 · wall_segment Stone Wall x1 |
| 41:14 | gupo57 · wall_segment Stone Wall x1 |
| 41:15 | gupo57 · wall_segment Stone Wall x1 |
| 41:18 | gupo57 · wall_segment Stone Wall x1 |
| 43:25 | Riut · first_building Monastery |
| 43:46 | gupo57 · resign |
[ AI ANALYSIS · 1 CREDIT ]
What really happened in this match?
Wolo.gg analyzes every decision: build order, eco, micro, common mistakes by bracket. Personalized analysis on WhatsApp or Discord in 30 seconds.
Civ guide
Mongols
Perfil
Jugador #1045839